 Dungeon Crawl Stone Soup version 0.17-a0-1650-gce8475a (webtiles) character file.

37 Gorice the Vexing (level 3, -3/26 HPs)
             Began as a Mummy Wanderer on Aug 13, 2015.
             Slain by a quokka (5 damage)
             ... on level 1 of the Dungeon.
             The game lasted 00:10:20 (1198 turns).

Gorice the Vexing (Mummy Wanderer)                  Turns: 1198, Time: 00:10:20

Health: -3/26      AC:  4    Str: 16    XL:     3   Next: 23%
Magic:  2/5        EV: 11    Int: 11    God:
Gold:   57         SH:  0    Dex: 11    Spells: 1 memorised, 4 levels left

rFire  x . .     SeeInvis .     c - +0 hand axe
rCold  + . .     Clarity  .     d - +0 robe
rNeg   + + +     SustAt   .     (no shield)
rPois  ∞         Gourm    .     f - +1 helmet
rElec  .         Spirit   .     (no cloak)
rCorr  .         Warding  .     (no gloves)
rMut   .         Stasis   .     (no boots)
MR     .....                    (no amulet)
Stlth  +.........               (no ring)
                                (no ring)

@: not resistant to hostile enchantments, very unstealthy
A: no food or potions, fire vulnerability, cold resistance 1, negative energy
resistance 3, torment resistance, unbreathing
a: no special abilities


You were on level 1 of the Dungeon.
You were not hungry.

You visited 1 branch of the dungeon, and saw 2 of its levels.

You collected 57 gold pieces.

Inventory:

Hand weapons
 c - a +0 hand axe (weapon)
Missiles
 i - 3 tomahawks (quivered)
 Z - 30 stones
Armour
 d - a +0 robe (worn)
 f - a +1 helmet (worn)
Scrolls
 e - 2 scrolls of remove curse
 g - a scroll of identify
 h - a scroll of noise {!r}
Books
 a - a book of Minor Magic
 b - Kikubaaqudgha's Reference Book on Unholy Arts

   Spells                             Type                      Level
   a - Corpse Rot                     Necromancy                   2
   b - Sublimation of Blood           Necromancy                   2


   Skills:
 - Level 1.0 Fighting
 - Level 1.5 Axes
 - Level 1.0 Throwing
 - Level 1.0 Stealth
 + Level 1.9 Spellcasting
 * Level 1.7 Conjurations
   Level 2.6 Hexes
   Level 1.0 Translocations


You had 4 spell levels left.
You knew the following spells:

 Your Spells              Type           Power        Failure   Level  Hunger
a - Magic Dart            Conj           #...         17%         1    N/A

Dungeon Overview and Level Annotations

Branches:
Dungeon (2/15)

Altars:


Innate Abilities, Weirdness & Mutations

You do not eat or drink.
Your flesh is vulnerable to fire.
You are immune to poison.
Your flesh is cold resistant.
You are immune to negative energy.
You are immune to unholy pain and torment.
You can survive without breathing.


Message History

Confirm with . or Enter, or press ? or * to list all spells.
Aiming: Magic Dart
Press: ? - help, Shift-Dir - straight line, f/p - quokka
Aim: a quokka (lightly wounded)
The magic dart hits the quokka.
The quokka is moderately wounded.
The quokka bites you.
* * * LOW HITPOINT WARNING * * *
The quokka bites you.
* * * LOW HITPOINT WARNING * * *
Damage: 5 (max 5)
The quokka bites you but does no damage.
The quokka barely misses you.
There is a stone staircase leading down here.
The quokka barely misses you. The quokka barely misses you.
The quokka bites you but does no damage.
The quokka twitches its whiskers.
The quokka barely misses you.
There is a stone staircase leading down here.
The quokka barely misses you.
The quokka bites you but does no damage.
The quokka barely misses you. The quokka bites you.
* * * LOW HITPOINT WARNING * * *
Damage: 3 (max 5)
The quokka bites you.
* * * LOW HITPOINT WARNING * * *
Damage: 1 (max 5)
Casting: Magic Dart
Confirm with . or Enter, or press ? or * to list all spells.
Aiming: Magic Dart
Press: ? - help, Shift-Dir - straight line, f/p - quokka
Aim: a quokka The magic dart hits the quokka.
The quokka barely misses you.
Casting: Magic Dart
Confirm with . or Enter, or press ? or * to list all spells.
Aiming: Magic Dart
Press: ? - help, Shift-Dir - straight line, f/p - quokka
Aim: a quokka The magic dart hits the quokka.
The quokka completely misses you. The quokka barely misses you.
Casting: Magic Dart
Confirm with . or Enter, or press ? or * to list all spells.
Aiming: Magic Dart
Press: ? - help, Shift-Dir - straight line, f/p - quokka
Aim: a quokka The magic dart hits the quokka.
The quokka is lightly wounded.
The quokka bites you.
You die...

..#...............##.#..# #.#
#.###...†###...##.##.#######.####
#........###...##.##.#.....#....#
##..#....#......#...(#.###.######
....#....#.#....######.###.#
###.#....#.#....######.#...#
....................>..#.###
.##..########.#.########.# .###.#
#.#.@r.......# .# #.##
#.############ .###..# #.#
....#.### #.# ........# #.#
........# #.# ........#
##.####### .......%## #........#
.........# #........#


You could see a quokka.

Vanquished Creatures
  3 oozes (D:1)
  A giant cockroach (D:1)
  4 goblins (D:1)
  3 hobgoblins (D:1)
  A jackal (D:1)
  3 kobolds
  7 bats (D:1)
  A rat (D:1)
23 creatures vanquished.

Notes
Turn   | Place    | Note
--------------------------------------------------------------
     0 | D:1      | Gorice the Mummy Wanderer began the quest for the Orb.
     0 | D:1      | Gorice set off with: a book of Minor Magic, Kikubaaqudgha's Reference Book on Unholy Arts, a +0 hand axe, a +0 robe
     0 | D:1      | Reached XP level 1. HP: 15/15 MP: 2/2
     0 | D:1      | Identified Kikubaaqudgha's Reference Book on Unholy Arts
     2 | D:1      | Learned a level 1 spell: Magic Dart
   198 | D:1      | Reached XP level 2. HP: 21/21 MP: 0/4
   264 | D:1      | Reached skill level 1 in Conjurations
   612 | D:1      | Reached XP level 3. HP: 14/26 MP: 1/5
  1121 | D:1      | HP: 7/26 [quokka (3)]
  1138 | D:1      | HP: 5/26 [quokka (1)]
  1138 | D:1      | HP: 1/26 [quokka (4)]
  1186 | D:1      | HP: 2/26 [quokka (3)]
  1193 | D:1      | HP: 2/26 [quokka (1)]
  1198 | D:1      | Slain by a quokka

Vault maps used:
D:1:      mrwooster_arrival_statue_3, minmay_quantized
D:2:      uniq_robin, uniq_crazy_yiuf_cottage

Action                   || total
-------------------------++-------
Melee: Hand axe          ||    74
 Cast: Magic Dart        ||    50
  Use: Scroll            ||     2

Table legend:
 A = Turns spent in this place as a percentage of turns spent in the entire game.
 B = Non-inter-level travel turns spent in this place as a percentage of non-inter-level travel turns spent in the entire game.
 C = Inter-level travel turns spent in this place as a percentage of turns spent in this place.
 D = Turns resting spent in this place as a percentage of non-inter-level travel turns spent in this place.
 E = Turns spent auto-exploring this place as a percentage of non-inter-level travel turns spent in this place.
 F = Non-inter-level travel turns spent in this place divided by the number of levels of this place that you've seen.
                   A       B       C       D       E      F
               +-------+-------+-------+-------+-------+----------------------
         Total | 100.0 | 100.0 |   0.6 |   6.7 |   6.7 | 245.5
       Dungeon | 100.0 | 100.0 |   0.6 |   6.7 |   6.7 | 245.5
               +-------+-------+-------+-------+-------+----------------------

Vault maps used:
D:1:      mrwooster_arrival_statue_3, minmay_quantized
D:2:      uniq_robin, uniq_crazy_yiuf_cottage
